 Dungeon Crawl Stone Soup version 0.31-a0-654-gbe3e110b4e (webtiles) character file.

Game seed: 11335977037709247102

251 rvierbuc the Digger (level 5, 0/38 HPs)
             Began as a Draconian Earth Elementalist on Aug 29, 2023.
             Killed by nerve-wracking pain
             ... invoked by an orc priest
              (9 damage)
             ... on level 4 of the Dungeon.
             The game lasted 00:06:43 (3223 turns).

rvierbuc the Digger (Draconian Earth Elementalist)  Turns: 3223, Time: 00:06:43

Health: 0/38       AC:  8    Str: 11    XL:     5   Next: 88%
Magic:  0/9        EV: 12    Int: 17    God:
Gold:   184        SH:  0    Dex: 11    Spells: 9/10 levels left

rFire   . . .        c - +3 sling
rCold   . . .        (no shield)
rNeg    . . .        (body armour unavailable)
rPois   .            (helmet restricted)
rElec   .            (no cloak)
rCorr   .            m - +2 pair of gloves
SInv    .            (no boots)
Will    .....        (no amulet)
Stlth   ++           (no ring)
HPRegen 0.26/turn    (no ring)
MPRegen 0.11/turn

%: no passive effects
@: no status effects
A: AC +5, unfitting armour, cold-blooded
a: no special abilities


You were on level 4 of the Dungeon.
You visited 1 branch of the dungeon, and saw 4 of its levels.

You collected 184 gold pieces.

Inventory:

Hand Weapons
 c - a +3 sling (weapon)
Armour
 m - a +2 pair of gloves (worn)
Scrolls
 d - 3 scrolls of fog {unknown}
 e - a scroll of identify {unknown}
 f - a scroll of poison {unknown}
 i - a scroll of immolation {unknown}
 j - a scroll of amnesia {unknown}
 k - a scroll of revelation {unknown}
 l - a scroll of teleportation {unknown}
 n - 3 scrolls of blinking {unknown}
Potions
 a - 2 potions of magic
 b - 3 potions of curing {unknown}
 g - a potion of berserk rage {unknown}
 h - a potion of haste {unknown}


   Skills:
 + Level 2.9 Dodging
 + Level 3.1 Stealth
 + Level 3.1 Spellcasting
 + Level 2.6 Transmutations
 + Level 4.0 Earth Magic


You had 9 spell levels left.
You knew the following spells:

 Your Spells              Type           Power      Damage    Failure   Level
a - Sandblast             Erth           32%        2d9       3%          1

Your spell library contained the following spells:

 Spells                   Type           Power      Damage    Failure   Level
 Passwall                 Tmut/Erth      10%        N/A       7%          2
 Stone Arrow              Conj/Erth      18%        3d8       22%         3
 Petrify                  Tmut/Erth      13%        N/A       41%         4
 Borgnjor's Vile Clutch   Necr/Erth      4%         N/A       91%         5
 Alistair's Intoxication  Tmut/Pois      4%         N/A       95%         5
 Eringya's Noxious Bog    Tmut/Pois      3%         4d6       100%        6


Dungeon Overview and Level Annotations

Branches:
Dungeon (4/15)             Temple (0/1) D:4

Altars:


Innate Abilities, Weirdness & Mutations

Your plain brown scales are hard. (AC +5)
You cannot fit into any form of body armour.
You are cold-blooded and may be slowed by cold attacks.


Message History

Beogh smites you!
The orc wizard hits you but does no damage.
You are too injured to fight recklessly!
You are too injured to fight recklessly!
Aiming: Sandblast (safe; 3% risk of failure)
Press: ? - help, Q - select action, (/) - cycle Shift-Dir - straight line, f/p - orc wizard
Aim: an orc wizard, wielding a +0 dagger and wearing a +0 robe (moderately wounded, 77% to hit)
The blast of sand hits the orc wizard.
The orc wizard is severely wounded.
The orc wizard hits you but does no damage.
Aiming: Sandblast (safe; 3% risk of failure)
Press: ? - help, Q - select action, (/) - cycle Shift-Dir - straight line, f/p - orc wizard
Aim: an orc wizard, wielding a +0 dagger and wearing a +0 robe (severely wounded, 77% to hit)
The blast of sand hits the orc wizard.
You kill the orc wizard!
The orc priest closely misses you.
Your Earth Magic skill increases to level 4!
Aiming: Sandblast (safe; 3% risk of failure)
Press: ? - help, Q - select action, (/) - cycle Shift-Dir - straight line, f - orc priest
Aim: an orc priest, wielding a +0 short sword (82% to hit)
The blast of sand hits the orc priest.
The orc priest is moderately wounded.
The orc priest calls down the wrath of Beogh upon you.
Beogh smites you!
* * * LOW HITPOINT WARNING * * *
You don't have enough magic to cast this spell.
You don't have enough magic to cast this spell.
You are too injured to fight recklessly!
You are too injured to fight recklessly!
You don't have enough magic to cast this spell.
You don't have enough magic to cast this spell.
There are no items here.
Fire: c) +3 sling
Press: ? - help, Q - select action, (/) - cycle Shift-Dir - straight line, f/p - orc priest
Aim: an orc priest, wielding a +0 short sword (moderately wounded, 56% to hit)
You shoot a sling bullet. The sling bullet hits the orc priest!
The orc priest is almost dead.
The orc priest calls down the wrath of Beogh upon you.
Pain shoots through your body!
You die...

########## .....
..# #..# #.# #
###..###.#
.###.##......#.#
......).#..#.#.#
#?.o@...#.#.#
######......#
###...## #
##.#.#.##
..###.##....#
............#
≈≈≈..####...#
...........##
#####...##


You could see an orc priest.

Vanquished Creatures
  A gnoll bouda (D:3)
  2 iguanas (D:4)
  An orc wizard (D:4)
  6 gnolls
  3 adders (D:3)
  2 worms (D:2)
  2 orcs (D:4)
  6 bats
  4 endoplasms
  5 giant cockroaches
  2 goblins
  4 hobgoblins
  3 jackals (D:3)
  3 kobolds (D:1)
  A quokka (D:4)
  8 ball pythons
  A frilled lizard (D:2)
  3 rats
57 creatures vanquished.

Notes
Turn   | Place    | Note
-------+----------+-------------------------------------------
     0 | D:1      | rvierbuc the Draconian Earth Elementalist began the quest
                  | for the Orb.
     0 | D:1      | Reached XP level 1. HP: 14/14 MP: 3/3
    21 | D:1      | Found a faded altar of an unknown god.
   144 | D:1      | Reached XP level 2. HP: 18/20 MP: 1/5
   962 | D:2      | Reached XP level 3. HP: 26/26 MP: 4/6
  1884 | D:3      | Reached XP level 4. HP: 33/33 MP: 1/7
  2612 | D:4      | Found a staircase to the Ecumenical Temple.
  2810 | D:3      | Reached XP level 5. HP: 10/38 MP: 2/9
  3222 | D:4      | Reached skill level 4 in Earth Magic
  3223 | D:4      | Killed from afar by an orc priest

Illustrated notes

Levels and vault maps discovered:
D:1:      giann_forest_graveyard, layout_loops_ring,
          ebering_ecumenical_altar_petrified
D:2:      layout_loops_corners
D:3:      layout_basic, minmay_misc_feat_cross
D:4:      layout_loops_cross, mainiacjoe_overflow_boulevard,
          minmay_temple_entry_overgrown, serial_shops, shop

Skill      XL: |  1  2  3  4  5 |
---------------+----------------+-----
Stealth        | 2 3 |  3.1
Dodging        | 2 |  2.9
Transmutations | 2 |  2.6
Spellcasting   | 3 |  3.1
Earth Magic    | 4 |  4.0

Action                     |  1- 3 |  4- 6 || total
---------------------------+-------+-------++-------
  Melee: Unarmed           |     9 |       ||     9
         Tailslap          |     2 |       ||     2
   Fire: Sling             |    44 |    31 ||    75
   Cast: Sandblast         |    33 |    51 ||    84
 Armour: Skin              |    14 |    13 ||    27
  Dodge: Dodged            |    32 |    30 ||    62

Table legend: (Time is in decaauts)
 A = Elapsed time spent in this place.
 B = Non-inter-level travel time spent in this place.
 C = Inter-level travel time spent in this place.
 D = Time resting spent in this place.
 E = Time spent auto-exploring this place.
 F = Levels seen in this place.
 G = Mean time per level.
                   A        B        C        D        E       F      G
               +--------+--------+--------+--------+--------+-----+--------+
         Total |   3294 |   3096 |    198 |    137 |   2592 |   4 |  823.5 |
       Dungeon |   3294 |   3096 |    198 |    137 |   2592 |   4 |  823.5 |
               +--------+--------+--------+--------+--------+-----+--------+

Top non-repeatable levels by time:
     D:3: 1381 daAuts
     D:2: 858 daAuts
     D:1: 712 daAuts
     D:4: 343 daAuts
